 Dungeon Crawl Stone Soup version 0.19.1-1-g22dce08 (webtiles) character file.

1595 McKennaii the Zephyrmancer (level 8, -4/48 HPs)
             Began as a High Elf Air Elementalist on Jan 6, 2017.
             Was an Initiate of Sif Muna.
             Slain by retryentry's ghost (9 damage)
             ... on level 6 of the Dungeon.
             The game lasted 00:20:51 (4668 turns).

McKennaii the Zephyrmancer (HEAE)                   Turns: 4668, Time: 00:20:53

Health: -4/48      AC:  2    Str:  7    XL:     8   Next: 62%
Magic:  11/19      EV: 13    Int: 21    God:    Sif Muna [......]
Gold:   308        SH:  0    Dex: 16    Spells: 6 memorised, 7 levels left

rFire  . . .     SeeInvis .     (no weapon)
rCold  . . .     Gourm    .     a - +0 robe
rNeg   . . .     Faith    .     (no shield)
rPois  .         Spirit   .     (no helmet)
rElec  .         Reflect  .     (no cloak)
rCorr  .         Harm     .     (no gloves)
MR     .....                    (no boots)
Stlth  ++........               (no amulet)
                                (no ring)
                                (no ring)

@: lethally poisoned (-4 -> -14), repel missiles
A: no striking features
a: Renounce Religion


You were on level 6 of the Dungeon.
You worshipped Sif Muna.
Sif Muna was noncommittal.
You were not hungry.

You visited 2 branches of the dungeon, and saw 7 of its levels.

You collected 308 gold pieces.

Inventory:

Armour
 a - a +0 robe (worn)
Jewellery
 m - an uncursed ring of resist corrosion {unknown}
 p - an uncursed ring of protection from cold {unknown}
Wands
 r - a wand of confusion (13/48)
 x - a wand of heal wounds (5/9)
Scrolls
 e - 7 scrolls of identify {unknown}
 g - a scroll of amnesia {unknown}
 h - 2 scrolls of teleportation {unknown}
 i - a scroll of blinking {unknown}
 q - 2 scrolls of fear {unknown}
 t - a scroll of fog {unknown}
 u - a scroll of enchant armour {unknown}
 y - 2 scrolls of remove curse {unknown}
Potions
 d - 2 potions of heal wounds {unknown}
 f - 3 potions of curing {unknown}
 j - a potion of cancellation {unknown}
 k - 2 potions of mutation {unknown}
 l - 3 potions of agility {unknown}
 n - a potion of brilliance {unknown}
 o - a potion of might {unknown}
 s - a potion of magic {unknown}
 v - a potion of resistance {unknown}
Books
 b - a book of Air

   Spells                             Type                      Level
   a - Shock                          Conjuration/Air              1
   b - Swiftness                      Charms/Air                   2
   c - Repel Missiles                 Charms/Air                   2
   d - Static Discharge               Conjuration/Air              3
   e - Lightning Bolt                 Conjuration/Air              5
 w - a book of Cantrips

   Spells                             Type                      Level
   a - Confusing Touch                Hexes                        1
   b - Animate Skeleton               Necromancy                   1
   c - Summon Small Mammal            Summoning                    1
   d - Apportation                    Translocation                1
Comestibles
 c - 5 bread rations


   Skills:
 + Level 1.0 Fighting
 + Level 2.6 Dodging
 + Level 3.4 Stealth
 + Level 7.0 Spellcasting
 + Level 6.5 Conjurations
 + Level 0.2 Charms
 + Level 8.1 Air Magic


You had 7 spell levels left.
You knew the following spells:

 Your Spells              Type           Power        Failure   Level  Hunger
a - Shock                 Conj/Air       ####         1%          1    None
b - Swiftness             Chrm/Air       ####....     2%          2    None
c - Repel Missiles        Chrm/Air       ####..       2%          2    None
d - Summon Small Mammal   Summ           #...         12%         1    None
e - Static Discharge      Conj/Air       #####...     1%          3    #......
f - Lightning Bolt        Conj/Air       #####.....   14%         5    #####..


Dungeon Overview and Level Annotations

Branches:
Dungeon (6/15)             Temple (1/1) D:6

Altars:
Ashenzari
Cheibriados
Dithmenos
Elyvilon
Fedhas
Gozag
Hepliaklqana
Kikubaaqudgha
Makhleb
Nemelex Xobeh
Okawaru
Qazlal
Ru
Sif Muna
Trog
Uskayaw
Vehumet
Xom
Yredelemnul
Zin
The Shining One

Annotations:
D:6 Eustachio; retryentry's ghost, novice DsFi


Message History

Confirm with . or Enter, or press ? or * to list all spells.
Aiming: Shock
Press: ? - help, Shift-Dir - straight line The zap hits retryentry's ghost.
Retryentry's ghost appears unharmed.
Retryentry's ghost is almost destroyed.
The zap hits retryentry's ghost.
Retryentry's ghost is almost destroyed.
You feel sick. Retryentry's ghost hits you!
* * * LOW HITPOINT WARNING * * *
Casting: Shock
Confirm with . or Enter, or press ? or * to list all spells.
Aiming: Shock
Press: ? - help, Shift-Dir - straight line The zap hits retryentry's ghost.
Retryentry's ghost appears unharmed.
Retryentry's ghost is almost destroyed.
The zap hits retryentry's ghost.
Retryentry's ghost appears unharmed.
Retryentry's ghost is almost destroyed.
* * * LOW HITPOINT WARNING * * *
You feel sick. Retryentry's ghost hits you!
You die...

#.....# #.## ##
#...# #.# .# #+#
#.# ## #.# #.#
########.#### #.#
#...........# #.#
#.####..>.#.# #.#
#.# #......#####W#
#.####..........@.#
#.##........#######
.....#......#
#........####
########.# #.# #.#
#####.### #.......#
####


You could see retryentry's ghost.

Vanquished Creatures
  A hippogriff (D:5)
  The ghost of McKennaii the Gusty, an amateur HEAE (D:4)
  The ghost of Dolanko the Poker, an amateur NaWr (D:3)
  A phantom (D:4)
  4 ogres
  A centaur (D:5)
  A scorpion (D:4)
  3 crimson imps (D:5)
  2 hounds (D:5)
  2 orc wizards (D:5)
  Natasha (D:3)
  6 worker ants
  6 adders
  3 gnolls (D:5)
  An ooze (D:5)
  3 worms
  A dart slug (D:4)
  5 leopard geckos
  12 orcs
  5 giant cockroaches
  8 goblins
  4 hobgoblins
  6 jackals (D:4)
  10 kobolds
  3 quokkas
  A ball python (D:4)
  6 bats
  3 frilled lizards
  A quokka skeleton (D:5)
  4 rats
  A spectral orc (D:2)
107 creatures vanquished.

Vanquished Creatures (others)
  A quokka (D:3)
1 creature vanquished.

Grand Total: 108 creatures vanquished

Notes
Turn   | Place    | Note
-------+----------+-------------------------------------------
     0 | D:1      | McKennaii the High Elf Air Elementalist began the quest for the Orb.
     0 | D:1      | Reached XP level 1. HP: 11/11 MP: 4/4
   210 | D:1      | Reached skill level 4 in Air Magic
   254 | D:1      | Reached XP level 2. HP: 17/17 MP: 1/6
   261 | D:1      | Learned a level 2 spell: Swiftness
   264 | D:1      | Learned a level 2 spell: Repel Missiles
   706 | D:2      | Reached XP level 3. HP: 21/21 MP: 2/8
   838 | D:2      | HP: 1/21 [worm (12)]
  1048 | D:2      | Reached skill level 5 in Air Magic
  1216 | D:2      | Found a basalt altar of Yredelemnul.
  1281 | D:2      | Reached XP level 4. HP: 27/27 MP: 4/9
  1989 | D:3      | Noticed Natasha
  2021 | D:3      | Killed Natasha
  2072 | D:3      | Noticed Dolanko's ghost (amateur NaWr)
  2112 | D:3      | Killed Dolanko's ghost
  2112 | D:3      | Reached XP level 5. HP: 31/31 MP: 2/12
  2211 | D:4      | Reached XP level 6. HP: 36/36 MP: 7/13
  2621 | D:4      | Reached skill level 6 in Air Magic
  3028 | D:4      | Reached skill level 5 in Spellcasting
  3028 | D:4      | Reached XP level 7. HP: 41/41 MP: 8/15
  3100 | D:4      | Noticed McKennaii's ghost (amateur HEAE)
  3112 | D:4      | Killed McKennaii's ghost
  3154 | D:5      | Entered Level 5 of the Dungeon
  3178 | D:5      | Reached skill level 5 in Conjurations
  3272 | D:5      | Noticed a hippogriff
  3282 | D:5      | Killed a hippogriff
  3282 | D:5      | Reached skill level 7 in Air Magic
  3282 | D:5      | Reached XP level 8. HP: 20/47 MP: 2/18
  3513 | D:5      | Reached skill level 1 in Fighting
  3546 | D:5      | Found a glowing golden altar of the Shining One.
  3876 | D:5      | Learned a level 1 spell: Summon Small Mammal
  3880 | D:5      | Learned a level 3 spell: Static Discharge
  3886 | D:5      | Learned a level 5 spell: Lightning Bolt
  4157 | D:6      | Reached skill level 8 in Air Magic
  4211 | D:6      | Found a staircase to the Ecumenical Temple.
  4216 | Temple   | Entered the Ecumenical Temple
  4246 | Temple   | Became a worshipper of Sif Muna the Loreminder
  4481 | D:6      | Noticed Eustachio
  4576 | D:6      | Found an opulent altar of Gozag.
  4576 | D:6      | Found a shattered altar of Ashenzari.
  4578 | D:6      | Found a bloodstained altar of Trog.
  4641 | D:6      | Noticed retryentry's ghost (novice DsFi)
  4668 | D:6      | Slain by retryentry's ghost

Skill      XL: |  1  2  3  4  5  6  7  8 |
---------------+-------------------------+-----
Air Magic      | 4 5 6 7 8 |  8.1
Spellcasting   | 3 4 5 6 7 |  7.0
Conjurations   | 2 3 4 5 6 |  6.5
Stealth        | 3 |  3.4
Fighting       | 1 |  1.0
Dodging        | |  2.6
Charms         | |  0.2

Action                   |  1- 3 |  4- 6 |  7- 9 || total
-------------------------+-------+-------+-------++-------
 Cast: Shock             |    75 |   106 |   119 ||   300
       Summon Small Mamm |       |       |     1 ||     1
       Repel Missiles    |       |       |     1 ||     1
       Swiftness         |       |       |     1 ||     1
  Eat: Beef jerky        |     1 |       |     1 ||     2
       Royal jelly       |     1 |       |       ||     1
       Bread ration      |       |     1 |       ||     1
       Meat ration       |       |       |     1 ||     1
Armor: Robe              |     1 |     3 |     3 ||     7
Dodge: Dodged            |     7 |    11 |    23 ||    41
       Deflected         |       |       |     1 ||     1
